 Dungeon Crawl Stone Soup version 0.23.0 (webtiles) character file.

Game seed: 9954021442646947533

224 Froggeryz the Ruffian (level 5, -8/45 HPs)
             Began as a Minotaur Transmuter on Feb 16, 2019.
             Mangled by a hippogriff (11 damage)
             ... on level 3 of the Dungeon.
             The game lasted 00:04:13 (2757 turns).

Froggeryz the Ruffian (Minotaur Transmuter)         Turns: 2757, Time: 00:04:14

Health: -8/45      AC:  2    Str: 14    XL:     5   Next: 67%
Magic:  5/6        EV: 14    Int: 10    God:
Gold:   127        SH:  0    Dex: 12    Spells: 3/6 levels left

rFire    . . .     SeeInvis .     - Unarmed
rCold    . . .     Gourm    .   (no shield)
rNeg     + . .     Faith    .   b - +0 robe
rPois    .         Spirit   .   (helmet restricted)
rElec    .         Reflect  .   (no cloak)
rCorr    .         Harm     .   (no gloves)
MR       .....                  (boots currently unavailable)
Stlth    +.........             (no amulet)
HPRegen  0.15/turn              g - ring of positive energy
MPRegen  0.10/turn              (no ring)

@: appendage (expiring)
A: retaliatory headbutt, horns 2, talons 3
a: End Transformation


You were on level 3 of the Dungeon.
You were not hungry.
You had grown temporary talons.
You visited 1 branch of the dungeon, and saw 3 of its levels.

You collected 127 gold pieces.

Inventory:

Missiles
 a - 25 arrows
Armour
 b - a +0 robe (worn)
Magical Staves
 i - an uncursed staff of summoning {unknown}
Jewellery
 g - a ring of positive energy (left hand)
Scrolls
 f - 3 scrolls of identify {unknown}
 j - a scroll of fog {unknown}
 l - 2 scrolls of amnesia
 m - a scroll of teleportation
 n - a scroll of magic mapping
Potions
 c - a potion of degeneration {unknown}
 e - a potion of brilliance
 h - a potion of flight {unknown}
Comestibles
 d - 6 rations


   Skills:
 + Level 3.2 Fighting
 * Level 4.4 Dodging
 * Level 5.1 Unarmed Combat
 - Level 1.3 Spellcasting
 - Level 1.5 Transmutations


You had 3 spell levels left.
You knew the following spells:

 Your Spells              Type           Power        Failure   Level  Hunger
a - Beastly Appendage     Tmut           #.....       19%         1    ##.....
b - Sticks to Snakes      Tmut           #.......     26%         2    ###....

Your spell library contained the following spells:

 Spells                   Type           Power        Failure   Level  Hunger
 Spider Form              Tmut/Pois      #.........   58%         3    ####...
 Ice Form                 Ice/Tmut       #.......     94%         4    #####..
 Blade Hands              Tmut           #.........   99%         5    ######.


Dungeon Overview and Level Annotations

Branches:
Dungeon (3/15)

Altars:
Gozag
Kikubaaqudgha
Zin


Innate Abilities, Weirdness & Mutations

You reflexively headbutt those who attack you in melee.
You have a pair of horns on your head.
You have claws for feet.


Message History

You hit the hippogriff. Your kick misses the hippogriff.
Your headbutt misses the hippogriff.
The hippogriff is severely wounded.
The hippogriff barely misses you. The hippogriff misses you.
The hippogriff claws you!
You barely miss the hippogriff.
You claw the hippogriff, but do no damage.
Your headbutt misses the hippogriff.
The hippogriff is severely wounded.
The hippogriff bites you. The hippogriff pecks you!
* * * LOW HITPOINT WARNING * * *
The hippogriff claws you!
* * * LOW HITPOINT WARNING * * *
Unknown command.
Okay, then.
Unknown command.
You punch the hippogriff! You claw the hippogriff.
The hippogriff is almost dead.
The hippogriff bites you!
You die...

## ##########.# #
#.......#.#
#####.#####..# ##
......##....## ##.#
####..##.##..###@.#
# #........#.#.#H#
#.###.##.##.##.#
#.....##.##.# .#
########.#... .#
#..###..# #.# #.#
#.# .# #.# #


You could see a hippogriff.

Vanquished Creatures
  An orc priest (D:3)
  An orc wizard (D:3)
  8 adders
  A gnoll (D:1)
  3 worms
  3 dart slugs
  4 leopard geckos
  3 orcs (D:3)
  3 giant cockroaches
  5 goblins
  6 hobgoblins
  2 jackals (D:1)
  10 kobolds
  A ball python (D:3)
  14 bats
  3 frilled lizards
  A quokka zombie (D:3)
  5 rats
74 creatures vanquished.

Notes
Turn   | Place    | Note
-------+----------+-------------------------------------------
     0 | D:1      | Froggeryz the Minotaur Transmuter began the quest for the
                  | Orb.
     0 | D:1      | Reached XP level 1. HP: 16/16 MP: 1/1
   255 | D:1      | Reached XP level 2. HP: 20/24 MP: 3/3
   436 | D:1      | Reached XP level 3. HP: 25/29 MP: 4/4
   775 | D:2      | Reached skill level 4 in Unarmed Combat
  1049 | D:2      | Found an opulent altar of Gozag.
  1276 | D:2      | Reached XP level 4. HP: 32/37 MP: 5/5
  1792 | D:3      | Found an ancient bone altar of Kikubaaqudgha.
  1867 | D:3      | Reached XP level 5. HP: 4/44 MP: 4/6
  2305 | D:3      | Found a glowing silver altar of Zin.
  2406 | D:3      | Reached skill level 5 in Unarmed Combat
  2549 | D:3      | Learned a level 2 spell: Sticks to Snakes
  2749 | D:3      | Noticed a hippogriff
  2757 | D:3      | Mangled by a hippogriff

Skill      XL: |  1  2  3  4  5 |
---------------+----------------+-----
Dodging        | 3 4 |  4.4
Fighting       | 2 3 |  3.2
Unarmed Combat | 4 5 |  5.1
Spellcasting   | |  1.3
Transmutations | |  1.5

Action                   |  1- 3 |  4- 6 || total
-------------------------+-------+-------++-------
Melee: Unarmed           |    80 |   115 ||   195
       Headbutt          |    11 |    19 ||    30
       Kick              |     2 |    11 ||    13
 Cast: Beastly Appendage |     1 |     5 ||     6
  Use: Scroll            |     4 |     2 ||     6
       Potion            |       |     5 ||     5
 Stab: Sleeping          |     1 |     1 ||     2
  Eat: Chunk             |     1 |     5 ||     6
Armor: Robe              |    10 |    21 ||    31
Dodge: Dodged            |    71 |    80 ||   151
